 Dungeon Crawl Stone Soup version 0.30.0-7-g0c4daa9e05 (webtiles) character file.

Game seed: 15190863937511713322

17876 Eitelfritz the Severer (level 12, -1/162 HPs)
             Began as a Hill Orc Fighter on May 13, 2023.
             Was a Follower of Uskayaw.
             Shot with a bolt by a yaktaur captain (22 damage)
             ... on level 13 of the Dungeon.
             The game lasted 00:27:35 (12317 turns).

Eitelfritz the Severer (Hill Orc Fighter)          Turns: 12317, Time: 00:27:35

Health: -1/162     AC: 15    Str: 28    XL:     12   Next: 52%
Magic:  17/17      EV: 11    Int: 13    God:    Uskayaw [*.....]
Gold:   223        SH: 11    Dex: 13    Spells: 11/11 levels left

rFire   + . .        a - +5 war axe (protect)
rCold   + + +        y - +1 kite shield {AC+3}
rNeg    + . .        q - +3 scale mail {rC+}
rPois   +            (no helmet)
rElec   +            g - scarf of Reason {repulsion, rPois rC++ rCorr Int+3}
rCorr   +            (no gloves)
SInv    .            C - +0 pair of boots
Will    .....        (no amulet) Stlth
                     p - ring "Tiqa" {rElec rF+ rN+ Dex+3 Slay+5}
HPRegen 0.47/turn    s - +6 ring of strength
MPRegen 0.15/turn

%: repel missiles
@: berserking, very quick
A: no striking features
a: Renounce Religion, Stomp


You were on level 13 of the Dungeon.
You worshipped Uskayaw.
Uskayaw was noncommittal.
You visited 2 branches of the dungeon, and saw 14 of its levels.

You collected 714 gold pieces.
You spent 491 gold pieces at shops.

Inventory:

Hand Weapons
 a - a +5 war axe of protection (weapon)
 b - a +0 sling of freezing
 i - a +2 heavy broad axe
 w - a +0 morningstar
 E - the +7 trident "Jiarrile" {heavy, Stlth+}
   (You took it off a spriggan on level 8 of the Dungeon)

   Stlth:     It makes you more stealthy.
Missiles
 c - 27 poisoned darts
 k - 3 curare-tipped darts (quivered)
 m - 6 atropa-tipped darts
 r - 7 boomerangs
Armour
 g - the scarf of Reason (worn) {repulsion, rPois rC++ rCorr Int+3}
   (You acquired it on level 3 of the Dungeon)

   Int:       It affects your intelligence (+3).
   rC:        It greatly protects you from cold.
   rPois:     It protects you from poison.
   rCorr:     It protects you from acid and corrosion.
 q - a +3 scale mail of cold resistance (worn)
 y - a +1 kite shield of protection (worn)
 C - a +0 pair of boots (worn)
Jewellery
 p - the ring "Tiqa" (left hand) {rElec rF+ rN+ Dex+3 Slay+5}
   (You found it on level 2 of the Dungeon)

   [ring of positive energy]

   Dex:       It affects your dexterity (+3).
   Slay:      It affects your accuracy & damage with ranged weapons and melee
   (+5).
   rF:        It protects you from fire.
   rElec:     It insulates you from electricity.
   rN:        It protects you from negative energy.
 s - a +6 ring of strength (right hand)
 u - a ring of see invisible
 B - a +4 ring of protection
Wands
 z - a wand of polymorph (34)
 F - a wand of roots (11)
Scrolls
 D - a scroll of identify
 G - a scroll of fog
 H - 2 scrolls of poison {unknown}
Potions
 d - 6 potions of might
 e - 6 potions of attraction
 h - 6 potions of curing
 j - 2 potions of cancellation
 l - 4 potions of mutation
 n - a potion of resistance
 o - 2 potions of ambrosia
 t - 3 potions of magic
 v - 4 potions of haste
 x - 2 potions of brilliance
 A - 3 potions of lignification
 J - a potion of flight


   Skills:
 + Level 10.8 Fighting
 + Level 16.2 Axes
 + Level 1.8 Throwing
 + Level 9.4 Armour
 + Level 3.6 Dodging
 + Level 3.8 Stealth
 + Level 7.7 Shields
 * Level 7.4 Invocations


You had 11 spell levels left.
You didn't know any spells.
Your spell library contained the following spells:

 Spells                   Type           Power      Damage    Failure   Level
 Cigotuvi's Dreadful Rot  Necr/Pois/Air  0%         N/A       83%         2
 Ensorcelled Hibernation  Hex/Ice        0%         N/A       83%         2
 Passwall                 Tmut/Erth      0%         N/A       83%         2
 Sublimation of Blood     Necr           0%         N/A       83%         2
 Wereblood                Tmut           0%         N/A       83%         2
 Ignite Poison            Fire/Tmut/Pois 0%         N/A       97%         3
 Portal Projectile        Hex/Tloc       0%         N/A       97%         3
 Swiftness                Air            0%         N/A       97%         3
 Tukima's Dance           Hex            0%         N/A       97%         3
 Olgreb's Toxic Radiance  Pois           0%         N/A       100%        4
 Blade Hands              Tmut           0%         N/A       100%        5
 Freezing Cloud           Conj/Ice/Air   0%         6-21      100%        5
 Summon Forest            Summ/Tloc      0%         N/A       100%        5
 Conjure Ball Lightning   Conj/Air       0%         3x3d6     100%        6
 Eringya's Noxious Bog    Tmut/Pois      0%         N/A       100%        6
 Summon Hydra             Summ           0%         N/A       100%        7
 Discord                  Hex            0%         N/A       100%        8
 Disjunction              Tloc           0%         N/A       100%        8
 Ignition                 Fire           0%         3d3       100%        8


Dungeon Overview and Level Annotations

Branches:
Dungeon (13/15)            Temple (1/1) D:6            Lair (0/5) D:11
    Orc (0/2) D:12         Vaults (0/5) D:13

Altars:
Ashenzari
Cheibriados
Dithmenos
Elyvilon
Fedhas
Gozag
Hepliaklqana
Kikubaaqudgha
Makhleb
Nemelex Xobeh
Okawaru
Qazlal
Ru
Sif Muna
Trog
Uskayaw
Vehumet
Wu Jian
Xom
Yredelemnul
Zin
The Shining One

Shops:
D:1 [   D:5 [   D:9 !=   D:12 *

Annotations:
D:11 1 runed translucent door


Message History

You now have 174 gold pieces (gained 20).
Found a stone staircase leading down.
e - 6 potions of attraction (gained 1)
Found a cloak and a robe.
You now have 191 gold pieces (gained 17).
Things that are here:
a +0 falchion; a +0 ring mail
Found a stone staircase leading up.
You now have 203 gold pieces (gained 12).
Done exploring.
Done exploring.
There is a stone staircase leading down here.
Okay, then.
Okay, then.
You climb downwards.
Found a stone staircase leading down.
There is a stone staircase leading up here.
You now have 223 gold pieces (gained 20). 2 yaktaurs come into view.
The yaktaur shouts! x2
The yaktaur wields a +0 arbalest.
The yaktaur shoots a bolt.
You block the bolt.
The yaktaur moves out of view.
A yaktaur captain comes into view.
Found a gate to the Vaults.
The yaktaur shoots a bolt.
The bolt hits you!
The yaktaur wields a +0 arbalest.
The yaktaur shoots a bolt.
The bolt hits you.
The yaktaur captain wields a +0 arbalest.
The yaktaur captain shoots a bolt.
The bolt hits you!
The yaktaur captain shoots a bolt.
The bolt hits you but does no damage.
Found a dented filigree amulet.
The yaktaur captain shoots a bolt.
The bolt hits you!!
The yaktaur shoots a bolt.
The bolt closely misses you.
The yaktaur shoots a bolt.
The bolt hits you!!
The yaktaur captain shoots a bolt.
You block the bolt.
The yaktaur shoots a bolt.
The bolt hits you!!
* * * LOW HITPOINT WARNING * * *
The yaktaur shoots a bolt.
The bolt closely misses you.
A red film seems to cover your vision as you go berserk!
You feel yourself moving faster!
You feel mighty!
The yaktaur captain shoots a bolt.
The bolt hits you!!
You die...

####### #".....
#..... .... #.###
#...#
##############.#@#
.................###
############.....c..#
#........# #....c...#
.......c..#
###.#.#......
....#∩.....
#.#.###...


You could see a yaktaur captain and 2 yaktaurs.

Vanquished Creatures
  4 two-headed ogres
  A boulder beetle (D:11)
  The ghost of IsvaffelMax the Basher, a novice FoCK of Xom (D:8)
  A deep elf pyromancer (D:12)
  A manticore (D:12)
  A cyclops (D:12)
  Maggie (D:9)
  A gargoyle (D:12)
  An unseen horror (D:11)
  A komodo dragon (D:11)
  Psyche (D:8)
  A kobold demonologist (D:12)
  A polar bear (D:8)
  2 trolls
  Grinder (D:4)
  A hornet (D:9)
  A wraith (D:12)
  3 spriggans (D:8)
  Sigmund (D:2)
  15 yaks
  A shadow (D:11)
  3 wyverns
  A basilisk (D:11)
  Grum (D:9)
  A steam dragon (D:8)
  9 vampire mosquitoes
  Duvessa (D:4)
  2 acid dragons
  A water moccasin (D:5)
  2 ice beasts
  5 orc warriors
  2 sky beasts
  2 ogres
  A black bear (D:6)
  5 wolves
  8 centaurs
  2 phantoms
  6 kobold brigands
  A bullfrog (D:7)
  2 scorpions
  Dowan (D:4)
  14 wights
  3 howler monkeys
  A crimson imp (D:6)
  4 hounds
  4 jellies
  6 orc priests
  Crazy Yiuf (D:4)
  3 sleepcaps
  6 iguanas
  Ijyb (D:3)
  Natasha (thrice) (D:4)
  12 orc wizards
  A human skeleton (D:8)
  4 adders
  8 gnolls
  A white imp (D:5)
  2 worms
  2 dart slugs
  51 orcs
  5 ball pythons
  An endoplasm (D:2)
  4 giant cockroaches
  9 goblins
  14 hobgoblins
  2 quokkas
  6 bats
  5 frilled lizards
  32 kobolds
  A kobold skeleton (D:8)
  4 rats
307 creatures vanquished.

Notes
Turn   | Place    | Note
-------+----------+-------------------------------------------
     0 | D:1      | Eitelfritz the Hill Orc Fighter began the quest for the
                  | Orb.
     0 | D:1      | Reached XP level 1. HP: 19/19 MP: 1/1
    27 | D:1      | Found Ixtouvave's Antique Armour Shoppe.
   199 | D:1      | Reached XP level 2. HP: 24/27 MP: 2/2
   691 | D:2      | Reached skill level 3 in Axes
   864 | D:2      | Reached XP level 3. HP: 32/33 MP: 3/3
   903 | D:2      | Noticed Sigmund
   931 | D:3      | Reached XP level 4. HP: 17/40 MP: 4/4
  1123 | D:2      | Identified the ring "Tiqa" {rElec rF+ rN+ Dex+3 Slay+5}
  1151 | D:2      | Reached skill level 4 in Axes
  1257 | D:2      | Killed Sigmund
  1258 | D:2      | Reached skill level 5 in Axes
  1258 | D:2      | Reached skill level 1 in Dodging
  1258 | D:2      | Reached XP level 5. HP: 34/47 MP: 5/5
  1258 | D:2      | Reached XP level 6. HP: 38/53 MP: 6/6
  1322 | D:2      | Reached skill level 6 in Axes
  2178 | D:3      | Found a bloodstained altar of Trog.
  2297 | D:3      | Found a sparkling altar of Nemelex Xobeh.
  2299 | D:3      | Noticed Ijyb
  2353 | D:3      | Killed Ijyb
  2403 | D:3      | Reached skill level 5 in Armour
  2403 | D:3      | Reached XP level 7. HP: 44/60 MP: 7/7
  2607 | D:3      | Identified a scroll of acquirement
  2607 | D:3      | Acquired the scarf of Reason {repulsion, rPois rC++ rCorr
                  | Int+3}
  2965 | D:4      | Noticed Natasha
  3040 | D:4      | Reached skill level 7 in Axes
  3075 | D:4      | Noticed Duvessa
  3075 | D:4      | Noticed Dowan
  3091 | D:4      | Reached skill level 5 in Fighting
  3099 | D:4      | Killed Duvessa
  3102 | D:4      | Killed Dowan
  3147 | D:4      | Killed Natasha
  3198 | D:4      | Noticed Natasha
  3204 | D:4      | Killed Natasha
  3205 | D:4      | Reached skill level 8 in Axes
  3208 | D:4      | Noticed Natasha
  3215 | D:4      | Killed Natasha
  3322 | D:4      | Found a shadowy altar of Dithmenos.
  3324 | D:4      | Noticed Grinder
  3334 | D:4      | Paralysed by Grinder for 4 turns
  3339 | D:4      | Killed Grinder
  3340 | D:4      | Reached skill level 9 in Axes
  3340 | D:4      | Reached XP level 8. HP: 43/69 MP: 8/8
  3609 | D:4      | Found a runed translucent door.
  3610 | D:4      | Noticed Crazy Yiuf
  3998 | D:5      | Entered Level 5 of the Dungeon
  4048 | D:5      | Found Hedwas's Antique Armour Shoppe.
  4244 | D:5      | Reached skill level 10 in Axes
  4591 | D:5      | Found a shimmering altar of Xom.
  5055 | D:1      | Bought a glowing scale mail for 126 gold pieces
  5055 | D:1      | Bought a runed kite shield for 135 gold pieces
  5191 | D:4      | Killed Crazy Yiuf
  5192 | D:4      | Reached XP level 9. HP: 77/77 MP: 9/9
  5244 | D:6      | Found an iron altar of Okawaru.
  5294 | D:6      | Found a staircase to the Ecumenical Temple.
  5295 | D:6      | Noticed a two-headed ogre
  5308 | D:6      | Killed a two-headed ogre
  5309 | D:6      | Reached skill level 11 in Axes
  5350 | Temple   | Entered the Ecumenical Temple
  5776 | D:6      | Reached skill level 12 in Axes
  5824 | D:6      | Reached skill level 1 in Throwing
  5881 | D:6      | Found a burning altar of Makhleb.
  5890 | D:6      | Reached skill level 5 in Shields
  6001 | D:6      | Found a hide-covered altar of Uskayaw.
  6222 | D:7      | Reached XP level 10. HP: 83/88 MP: 10/10
  6486 | D:7      | You fall into a shaft and drop 2 floors!
  6486 | D:9      | Found Qehatey's Jewellery Shop.
  6510 | D:9      | Reached skill level 13 in Axes
  6615 | D:9      | Found a snail-covered altar of Cheibriados.
  6726 | D:8      | Found a runed translucent door.
  6733 | D:8      | Found a basalt altar of Yredelemnul.
  6845 | D:8      | Found a runed translucent door.
  6847 | D:8      | Noticed IsvaffelMax's ghost (novice FoCK)
  6850 | D:8      | Identified the +7 trident "Jiarrile" {heavy, Stlth+}
  7582 | D:8      | Noticed Psyche
  7592 | D:8      | Killed Psyche
  7880 | D:1      | Bought a slimy tower shield for 171 gold pieces
  7880 | D:1      | Identified the +0 tower shield "Iroif" {Will- Regen+ Str+2}
                  | (You bought it in a shop on level 1 of the Dungeon)
  7979 | D:7      | Reached skill level 14 in Axes
  8231 | D:9      | Noticed Grum
  8238 | D:9      | Reached skill level 1 in Stealth
  8242 | D:9      | Killed Grum
  8324 | D:6      | Became a worshipper of Uskayaw the Reveller
  8503 | D:9      | Reached * piety under Uskayaw
  8504 | D:9      | Reached ** piety under Uskayaw
  8509 | D:9      | Reached *** piety under Uskayaw
  8510 | D:9      | Reached XP level 11. HP: 90/96 MP: 11/11
  8512 | D:9      | Reached **** piety under Uskayaw
  8513 | D:9      | Reached skill level 1 in Invocations
  8635 | D:9      | Found Besmywoum's Distillery.
  8638 | D:9      | Bought a potion of degeneration for 11 gold pieces
  8709 | D:9      | Noticed a two-headed ogre
  8716 | D:9      | Killed a two-headed ogre
  8717 | D:9      | Found a shimmering blue altar of Sif Muna.
  9253 | D:9      | Noticed Maggie
  9266 | D:9      | Killed Maggie
  9306 | D:9      | Found a glowing silver altar of Zin.
  9476 | D:8      | Killed IsvaffelMax's ghost
  9476 | D:8      | Reached ***** piety under Uskayaw
  9816 | D:10     | Entered Level 10 of the Dungeon
  9881 | D:10     | Noticed a two-headed ogre
  9891 | D:10     | Killed a two-headed ogre
  9892 | D:10     | Reached skill level 15 in Axes
 10085 | D:10     | Reached skill level 10 in Fighting
 10201 | D:10     | Noticed a two-headed ogre
 10209 | D:10     | Killed a two-headed ogre
 10682 | D:11     | Reached skill level 5 in Invocations
 10756 | D:11     | Noticed a wizard
 10757 | D:11     | Noticed a centaur warrior
 10796 | D:11     | Noticed an ogre mage
 10797 | D:11     | Found a runed translucent door.
 10797 | D:11     | Noticed a sphinx
 10797 | D:11     | Noticed a manticore
 10798 | D:11     | Noticed a boulder beetle
 10923 | D:11     | Reached XP level 12. HP: 94/106 MP: 16/16
 10936 | D:11     | Reached ****** piety under Uskayaw
 11116 | D:11     | Noticed a boulder beetle
 11127 | D:11     | Killed a boulder beetle
 11182 | D:11     | Found a staircase to the Lair.
 11631 | D:12     | Reached skill level 16 in Axes
 11819 | D:12     | Found Boasuom's General Store.
 11830 | D:12     | Bought a scroll of identify for 24 gold pieces
 11830 | D:12     | Bought a scroll of identify for 24 gold pieces
 11840 | D:12     | Found a white marble altar of Elyvilon.
 11930 | D:12     | Found a staircase to the Orcish Mines.
 12311 | D:13     | Found a gate to the Vaults.
 12311 | D:13     | Noticed a yaktaur captain
 12317 | D:13     | Shot with a bolt by a yaktaur captain

Illustrated notes

Levels and vault maps discovered:
D:1:      lightli_arrival_statue_moat, layout_basic, serial_shops, shop
D:2:      layout_basic, guppyfry_early_orc_mine, uniq_sigmund
D:3:      layout_rooms, trog_butcher_becter, mainiacjoe_overflow_chevrons,
          kennysheep_cross_bottleneck, minivault_11, kennysheep_minor_cross,
          minmay_misc_feat_iff, uniq_ijyb
D:4:      layout_gridville, mainiacjoe_overflow_alcove_2,
          uniq_crazy_yiuf_cottage, uniq_grinder, uniq_duvessa, uniq_natasha
D:5:      corexii_shack_village, layout_basic, mainiacjoe_overflow_24_doors,
          serial_shops, shop, kennysheep_flooded_box, guppyfry_early_lair_pool
D:6:      layout_loops_cross, mainiacjoe_overflow_tiny_flanked,
          nicolae_uskayaw_dance_studio, makhleb_grotto_becter,
          minmay_temple_entry_tees, sigmund_army
D:7:      layout_rooms
D:8:      layout_basic, dk_yredelemnul_ordeal, ebering_ghost_funeral_grove,
          uniq_psyche
D:9:      layout_long_grid, lemuel_coloured_pillars_altar,
          mainiacjoe_overflow_small_starburst, cheibrodos_worm_habitat,
          serial_shops, nicolae_shop_real_fake_doors,
          chequers_serial_rivers_small_3, minmay_shop_enchanted_jewellery,
          kennysheep_potato, uniq_grum, uniq_maggie
D:10:     layout_irregular_city, minmay_holes
D:11:     layout_loops_cross, david_lair_shrubbed, minmay_st_funbox
D:12:     layout_cave_pools, david_orc_2, serial_shops,
          nicolae_shop_tiny_statue_garden, elyvilon_altar_3
D:13:     minmay_s_stair_smasher, layout_basic, david_vaults_2
Temple:   hellmonk_temple_of_storms

Skill      XL: |  1  2  3  4  5  6  7  8  9 10 11 12 |
---------------+-------------------------------------+-----
Axes           | 3 5 6 9 10 12 14 15 16 | 16.2
Fighting       | 4 5 6 7 9 10 | 10.8
Armour         | 4 5 6 7 8 9 |  9.4
Dodging        | 1 2 3 |  3.6
Shields        | 4 5 6 7 |  7.7
Throwing       | 1 |  1.8
Stealth        | 1 3 |  3.8
Invocations    | 6 7 |  7.4

Action                     |  1- 3 |  4- 6 |  7- 9 | 10-12 || total
---------------------------+-------+-------+-------+-------++-------
  Melee: War axe           |    58 |    86 |   190 |   347 ||   681
  Throw: Dart              |       |     1 |     3 |     3 ||     7
         Boomerang         |       |       |     2 |       ||     2
    Use: Potion            |       |     1 |       |     2 ||     3
         Scroll            |       |       |    18 |    11 ||    29
   Stab: Paralysed         |       |       |       |    24 ||    24
 Armour: Scale mail        |    36 |    33 |    62 |   120 ||   251
  Dodge: Dodged            |    47 |    35 |    82 |   157 ||   321
         Repelled          |       |       |     4 |     1 ||     5
  Block: Buckler           |    17 |    19 |    18 |       ||    54
         Kite shield       |       |       |    31 |   177 ||   208
